 Dungeon Crawl Stone Soup version 0.23.2-30-g0e89c35649 (webtiles) character file.

Game seed: 15183829541822703595

23 Kobolds4U the Conjurer (level 2, 0/15 HPs)
             Began as a Deep Elf Conjurer on June 18, 2019.
             Was an Initiate of Dithmenos.
             Slain by a worm (5 damage)
             ... on level 2 of the Dungeon.
             The game lasted 00:02:44 (1155 turns).

Kobolds4U the Conjurer (Deep Elf Conjurer)          Turns: 1155, Time: 00:02:44

Health: 0/15       AC:  3    Str:  5    XL:     2   Next: 72%
Magic:  2/8        EV: 13    Int: 19    God:    Dithmenos [......]
Gold:   35         SH:  0    Dex: 15    Spells: 4/7 levels left

rFire    . . .     SeeInvis .   h - +0 short sword
rCold    . . .     Gourm    .   (no shield)
rNeg     . . .     Faith    .   g - +0 leather armour
rPois    .         Spirit   .   (no helmet)
rElec    .         Reflect  .   (no cloak)
rCorr    .         Harm     .   (no gloves)
MR       .....                  (no boots)
Stlth    +.........             (no amulet)
HPRegen  0.05/turn              k - ring of attention (curse)
MPRegen  0.11/turn              (no ring)

@: no status effects
A: no striking features
a: Renounce Religion


You were on level 2 of the Dungeon.
You worshipped Dithmenos.
Dithmenos was noncommittal.
You were hungry.

You visited 1 branch of the dungeon, and saw 2 of its levels.

You collected 35 gold pieces.

Inventory:

Hand Weapons
 h - a +0 short sword (weapon)
Missiles
 l - 30 arrows
Armour
 g - a +0 leather armour (worn)
Jewellery
 k - a cursed ring of attention (left hand)
Scrolls
 j - a scroll of enchant armour {unknown}
Potions
 b - a potion of magic {unknown}
 d - a potion of heal wounds {unknown}
 e - a potion of invisibility {unknown}
 f - 2 potions of lignification {unknown}
 i - a potion of flight {unknown}
 m - a potion of brilliance {unknown}
Comestibles
 a - 3 chunks of flesh
 c - 3 rations


   Skills:
 * Level 3.6 Dodging
 - Level 2.4 Stealth
 - Level 3.0 Spellcasting
 + Level 4.7 Conjurations


You had 4 spell levels left.
You knew the following spells:

 Your Spells              Type           Power        Failure   Level  Hunger
a - Magic Dart            Conj           ###.         3%          1    None
b - Searing Ray           Conj           ###...       5%          2    ##.....

Your spell library contained the following spells:

 Spells                   Type           Power        Failure   Level  Hunger
 Dazzling Spray           Conj/Hex       ##....       28%         3    ###....
 Iskenderun's Mystic Bla  Conj           ###.....     36%         4    ####...
 Force Lance              Conj/Tloc      ##......     67%         4    ####...
 Fulminant Prism          Conj/Hex       ##........   67%         4    ####...


Dungeon Overview and Level Annotations

Branches:
Dungeon (2/15)

Altars:
Dithmenos
Xom


Message History

You hit the worm but do no damage.
The worm is almost dead.
The worm bites you.
You hit the worm but do no damage.
The worm is severely wounded.
You hit the worm.
The worm is almost dead.
The worm bites you.
You hit the worm.
The worm is almost dead.
The worm barely misses you.
You barely miss the worm.
The worm is almost dead.
You barely miss the worm.
The worm is almost dead.
The worm misses you.
You hit the worm but do no damage.
The worm is severely wounded.
The worm bites you.
You die...

. #.#.##......#
....####.#.##......#
............####..##
....####....####..# .
#............ #.#....####
## #.#.....# #..
#w#.....##
+##...##########@#w.....#
....†............#......#
..#.........#...........#
#.........#........##.#
####......#.............
#......###......##...
#......# #......# ..
#......# #......# .
#......# #.......


You could see a worm.

Vanquished Creatures
  3 leopard geckos
  A goblin (D:1)
  5 hobgoblins
  A quokka (D:2)
  5 frilled lizards (D:1)
  2 kobolds
  2 rats (D:1)
19 creatures vanquished.

Notes
Turn   | Place    | Note
-------+----------+-------------------------------------------
     0 | D:1      | Kobolds4U the Deep Elf Conjurer began the quest for the
                  | Orb.
     0 | D:1      | Reached XP level 1. HP: 10/10 MP: 6/6
   560 | D:1      | Reached XP level 2. HP: 15/15 MP: 5/8
   564 | D:1      | Learned a level 2 spell: Searing Ray
   979 | D:2      | Found a shadowy altar of Dithmenos.
   979 | D:2      | Found a shimmering altar of Xom.
   982 | D:2      | Became a worshipper of Dithmenos the Shadowed
  1155 | D:2      | Slain by a worm

Skill      XL: |  1 |
---------------+----+-----
Dodging        | 3 |  3.6
Stealth        | |  2.4
Spellcasting   | |  3.0
Conjurations   | |  4.7

Action                   || total
-------------------------++-------
Melee: Unarmed           ||    13
       Short sword       ||     8
 Cast: Magic Dart        ||    31
       Searing Ray       ||     2
 Stab: Sleeping          ||     2
Armor: Robe              ||     1
Dodge: Dodged            ||    12
